 Dungeon Crawl Stone Soup version 0.29.1-15-g9cfb28693d (webtiles) character file.

Game seed: 16989686377099928907

98658 MrZuerg the Impaler (level 16, -3/105 (126) HPs)
             Began as a Human Fighter on Feb 28, 2023.
             Was the Champion of Okawaru.
             Slain by a fire elemental (5 damage)
             ... summoned by a deep elf pyromancer
             ... on level 1 of the Elven Halls.
             The game lasted 03:24:24 (27041 turns).

MrZuerg the Impaler (Human Fighter)                Turns: 27041, Time: 03:24:24

HP:   -3/105 (126)  AC: 46    Str: 20    XL:     16   Next: 73%
MP:   18/19         EV: 14    Int:  9    God:    Okawaru [******]
Gold: 1864          SH:  0    Dex: 31    Spells: 12/19 levels left

rFire   + . .      SeeInvis +   U - +7 halberd of the Shouting Gods {protect, rF+ rCorr Dex+4}
rCold   + . .      Faith    .   (shield currently unavailable)
rNeg    . . .      Spirit   .   I - +4 crystal plate armour {rC+}
rPois   .          Reflect  .   r - +1 helmet
rElec   +          Harm     .   D - +1 cloak of Lust {Str-3 Dex+7 SInv}
rCorr   +          Rampage  .   i - +0 pair of gloves
Will    +....                   W - +0 pair of boots
Stlth   ..........              (no amulet)
HPRegen 0.27/turn               l - +4 ring of evasion
MPRegen 0.16/turn               L - ring "Damnable Contraption" {Contam rElec rCorr Dex+6}

@: on fire, heroic, under a protective aura, glowing, heavily drained, invisible
(but backlit and visible)
A: no striking features
a: Renounce Religion, Heroism, Finesse, Duel


You were on level 1 of the Elven Halls.
You worshipped Okawaru.
Okawaru was exalted by your worship.
You visited 6 branches of the dungeon, and saw 22 of its levels.
You also visited: Ossuary, Bailey, Ice Cave and Volcano.

You collected 3728 gold pieces.
You spent 1864 gold pieces at shops.

Inventory:

Hand Weapons
 S - the +5 spear "Hydrabane" {pain, rElec Int+7 Dex-5}
   (Okawaru gifted it to you on level 4 of the Lair of Beasts)

   In the hands of one skilled in necromantic magic, it inflicts extra damage on
   living creatures.
   Int:       It affects your intelligence (+7).
   Dex:       It affects your dexterity (-5).
   rElec:     It insulates you from electricity.
 U - the +7 halberd of the Shouting Gods (weapon) {protect, rF+ rCorr Dex+4}
   (Okawaru gifted it to you on level 12 of the Dungeon)

   It grants its wielder temporary protection when it strikes (+7 to AC).
   Dex:       It affects your dexterity (+4).
   rF:        It protects you from fire.
   rCorr:     It protects you from acid and corrosion.
Missiles
 f - 2 javelins (quivered)
 C - 6 atropa-tipped darts
 H - 3 datura-tipped darts
Armour
 h - the +2 hat of the Bear Spirit {Spirit, *Rage Will++}
   (You bought it in a shop on level 2 of the Orcish Mines)

   Going berserk makes the wearer tougher, and they're slowed less afterward.
   *Rage:     It berserks you when you make melee attacks (+20% chance).
   Will:      It greatly increases your willpower.
 i - a +0 pair of gloves (worn)
 r - a +1 helmet (worn)
 t - the +0 plate armour of Wu Jian's Generosity {rElec Dex-3 Slay+2}
   (You bought it in a shop on level 1 of the Dungeon)

   Dex:       It affects your dexterity (-3).
   Slay:      It affects your accuracy & damage with ranged weapons and melee
   (+2).
   rElec:     It insulates you from electricity.
 u - the +0 ring mail of Bedazzled Awe {+Blink +Inv Str+3}
   (You bought it in a shop on level 1 of the Dungeon)

   Str:       It affects your strength (+3).
   +Inv:      It lets you turn invisible.
   +Blink:    It lets you blink.
 B - +1 acid dragon scales
 D - the +1 cloak of Lust (worn) {Str-3 Dex+7 SInv}
   (Okawaru gifted it to you on level 1 of the Elven Halls)

   Str:       It affects your strength (-3).
   Dex:       It affects your dexterity (+7).
   SInv:      It lets you see invisible.
 G - the +10 scale mail "Imygrae" {Harm rPois Will-}
   (You found it on level 10 of the Dungeon)

   rPois:     It protects you from poison.
   Harm:      It increases damage dealt and taken.
   Will:      It decreases your willpower.
 I - a +4 crystal plate armour of cold resistance (worn)
 V - the +5 ice dragon scales of Okawaru's Whim {rF- rC++ Int-4 Dex+7}
   (Okawaru gifted it to you on level 5 of the Lair of Beasts)

   Int:       It affects your intelligence (-4).
   Dex:       It affects your dexterity (+7).
   rF:        It makes you vulnerable to fire.
   rC:        It greatly protects you from cold.
 W - a +0 pair of boots (worn)
Jewellery
 a - a ring of see invisible
 k - a +4 ring of evasion
 l - a +4 ring of evasion (left hand)
 x - a ring of poison resistance
 L - the ring "Damnable Contraption" (right hand) {Contam rElec rCorr Dex+6}
   (You found it on level 10 of the Dungeon)

   [ring of resist corrosion]

   Dex:       It affects your dexterity (+6).
   rElec:     It insulates you from electricity.
   Contam:    It causes magical contamination when unequipped.
   rCorr:     It protects you from acid and corrosion.
 N - a ring of resist corrosion
 Q - a ring of wizardry
 X - a ring of positive energy
Wands
 c - a wand of acid (6)
 A - a wand of roots (22)
 F - a wand of digging (3)
Scrolls
 m - 4 scrolls of blinking
 o - 3 scrolls of teleportation
 p - 5 scrolls of identify
 s - 3 scrolls of amnesia
 v - a scroll of acquirement
 y - 3 scrolls of fog
 J - 2 scrolls of magic mapping
 O - a scroll of silence
Potions
 b - a potion of invisibility
 d - 3 potions of might
 e - 5 potions of flight
 g - a potion of curing
 j - 3 potions of brilliance
 q - 3 potions of ambrosia
 w - a potion of lignification
 z - 5 potions of haste
 M - 3 potions of magic
 P - a potion of berserk rage
 R - a potion of attraction
 Y - 3 potions of cancellation


   Skills:
 + Level 11.4(16.4) Fighting
 - Level 2.1(7.1) Long Blades
 * Level 18.9(23.9) Polearms
 + Level 9.5(14.5) Throwing
 * Level 13.7(18.7) Armour
 * Level 3.2(8.2) Dodging
 - Level 4.6(9.6) Stealth
 - Level 4.0(9.0) Shields
 - Level 2.1 Spellcasting
 - Level 2.2 Necromancy
 - Level 2.5 Air Magic
 + Level 4.8 Invocations


You had 12 spell levels left.
You knew the following spells:

 Your Spells              Type           Power      Damage    Failure   Level
a - Swiftness             Air            5%         N/A       100%        3
b - Dispel Undead         Necr           4%         3d7       100%        4

Your spell library contained the following spells:

 Spells                   Type           Power      Damage    Failure   Level
 Beastly Appendage        Tmut           0%         N/A       100%        1
 Freeze                   Ice            0%         1d3       100%        1
 Magic Dart               Conj           0%         1d3       100%        1
 Shock                    Conj/Air       12%        1d3       100%        1
 Blink                    Tloc           0%         N/A       100%        2
 Ensorcelled Hibernation  Hex/Ice        0%         N/A       100%        2
 Passwall                 Tmut/Erth      0%         N/A       100%        2
 Static Discharge         Conj/Air       3%         3-4/arc   100%        2
 Wereblood                Tmut           0%         N/A       100%        2
 Frozen Ramparts          Ice            0%         1d1       100%        3
 Lesser Beckoning         Tloc           0%         N/A       100%        3
 Mephitic Cloud           Conj/Pois/Air  2%         N/A       100%        3
 Portal Projectile        Hex/Tloc       0%         N/A       100%        3
 Spider Form              Tmut/Pois      0%         N/A       100%        3
 Airstrike                Air            2%         2d(1-17)  100%        4
 Anguish                  Hex/Necr       1%         N/A       100%        4
 Hailstorm                Conj/Ice       0%         3d3       100%        4
 Ice Form                 Ice/Tmut       0%         N/A       100%        4
 Sticky Flame             Conj/Fire      0%         2d3       100%        4
 Blade Hands              Tmut           0%         N/A       100%        5
 Freezing Cloud           Conj/Ice/Air   1%         6-21      100%        5
 Irradiate                Conj/Tmut      0%         3d11      100%        5
 Lee's Rapid Deconstruct  Erth           0%         3d5*      100%        5
 Manifold Assault         Tloc           0%         N/A       100%        5
 Dragon Form              Tmut           0%         N/A       100%        7
 Polar Vortex             Ice            0%         N/A       100%        9
 Call Imp                 Summ           Unusable   N/A       N/A         2
 Tukima's Dance           Hex            Unusable   N/A       N/A         3
 Animate Armour           Summ/Erth      Unusable   N/A       N/A         4
 Simulacrum               Ice/Necr       Unusable   N/A       N/A         6

Dungeon Overview and Level Annotations

Branches:
Dungeon (12/15)            Temple (1/1) D:4            Lair (5/5) D:10
 Spider (1/4) Lair:2        Slime (0/5) Lair:4          Orc (2/2) D:12
    Elf (1/3) Orc:2       Ossuary (visited)          Bailey (visited)
  IceCv (visited)         Volcano (visited)
  Swamp: Lair:2-3    Shoals: Lair:2-3

Altars:
Ashenzari
Cheibriados
Dithmenos
Elyvilon
Fedhas
Gozag
Hepliaklqana
Kikubaaqudgha
Makhleb
Nemelex Xobeh
Okawaru
Qazlal
Ru
Trog
Uskayaw
Vehumet
Wu Jian
Xom
Yredelemnul
Zin
The Shining One
Jiyva

Shops:
D:1 *[[*[   Orc:1 :   Orc:2 *?**

Annotations:
D:8 3 runed translucent doors, MacCMillion's ghost, journeyman VSFi


Message History

The fire elemental hits you.
You barely miss the ghostly deep elf death mage.
The ghostly deep elf death mage points at you and mumbles some strange words.
The bolt of negative energy hits you!
You feel drained.
* * * LOW HITPOINT WARNING * * *
The deep elf pyromancer hits you with a +0 dagger.
* * * LOW HITPOINT WARNING * * *
The ghostly deep elf knight hits you with a +0 falchion of flaming.
* * * LOW HITPOINT WARNING * * *
The ghostly deep elf knight burns you.
* * * LOW HITPOINT WARNING * * *
The fire elemental closely misses you.
The deep elf archer shoots an arrow.
The arrow hits the ghostly deep elf knight!!
The ghostly deep elf knight is destroyed!
The fire elemental barely misses you.
You fade into invisibility!
The fire elemental hits you.
The ghostly deep elf death mage gestures at you while chanting.
The bolt of negative energy hits you!!
You feel drained.
* * * LOW HITPOINT WARNING * * *
The fire elemental closely misses you.
The deep elf pyromancer casts a spell at you.
The sticky flame hits you but does no damage.
You are covered in liquid flames!
The deep elf archer shoots an arrow.
The arrow hits you but does no damage.
You feel better.
You are covered in liquid flames!
* * * LOW HITPOINT WARNING * * *
The fire elemental hits you. The fire elemental burns you! You resist.
* * * LOW HITPOINT WARNING * * *
The fire elemental barely misses you.
The ghostly deep elf death mage hits you but does no damage.
The deep elf pyromancer hits you with a +0 dagger.
* * * LOW HITPOINT WARNING * * *
The deep elf pyromancer attacks as you move away!
The deep elf pyromancer misses you.
You are covered in liquid flames!
* * * LOW HITPOINT WARNING * * *
The fire elemental hits you. The fire elemental burns you! You resist.
You die...

.#..'....#..#........#.#..#
##..######..##########.#..#
.......................#..#
########################..#
..........................#
..........................#
########.)#####e○#+####
....####..# #eE#
......##..# #E@#
.......#..# #..#
....####..#...#..# ######
#..#...#..# ))).<#
#..#...#.e###### ######
#..#...#..e..... ...:#
#..#...#........
.......#..#...#..######
......##..#..)#..# ....#


You could see a ghostly deep elf death mage, a deep elf archer (repels
missiles), 2 deep elf pyromancers and 2 fire elementals.

Vanquished Creatures
  A frost giant (IceCv)
  An entropy weaver (Lair:2)
  Snorg (D:10)
  An ettin (shapeshifter) (Elf:1)
  A fire dragon (Volcano)
  A deep elf death mage (Elf:1)
  Josephine (Lair:4)
  A deep elf high priest (Elf:1)
  5 hydras
  A catoblepas (Lair:4)
  9 dancing weapons (Elf:1)
  4 two-headed ogres
  6 death yaks
  5 orc high priests
  4 deep elf knights (Elf:1)
  An orb spider (Lair:2)
  10 orc knights
  4 deep elf archers (Elf:1)
  Pikel (D:7)
  2 lindwurms
  10 deep elf pyromancers (Elf:1)
  3 cyclopes
  13 deep elf zephyrmancers
  A wolf spider (Lair:2)
  8 ugly things
  3 manticores (D:12)
  A black mamba (Lair:4)
  4 elephants (Lair:4)
  17 cane toads
  An ice statue (IceCv)
  2 molten gargoyles (Volcano)
  2 gargoyles (D:12)
  9 rime drakes
  An unseen horror (D:10)
  7 komodo dragons
  Maggie (D:7)
  4 trolls
  A tarantella (Spider:1)
  6 hornets
  12 polar bears
  Grinder (D:3)
  3 slime creatures (D:9)
  13 blink frogs (Lair:1)
  A dream sheep (Lair:5)
  2 jumping spiders
  5 wraiths (Lair:4)
  A shadow (D:12)
  4 wyverns (Lair:4)
  14 spriggans (Lair:5)
  2 fire bats (Volcano)
  48 yaks
  A fire elemental (Elf:1)
  A steam dragon (D:7)
  12 basilisks
  4 vampire mosquitoes (D:11)
  9 redbacks
  2 wargs (Orc:1)
  Edmund (D:4)
  An acid dragon (D:12)
  10 water moccasins
  5 hell hounds
  30 orc warriors
  An ice beast (D:8)
  6 black bears
  3 centaurs
  11 ogres
  4 boggarts (Lair:5)
  39 wolves
  A lemure (D:7)
  3 phantoms
  2 kobold brigands (D:7)
  7 bullfrogs
  4 gnoll sergeants
  2 necrophages (D:5)
  2 water moccasin zombies (Ossuary)
  2 scorpions
  An earth elemental (Elf:1)
  14 wights
  4 troll zombies (D:12)
  An electric eel (Lair:3)
  2 vampire bats (D:8)
  3 howler monkeys
  7 jellies
  5 lava snakes (Volcano)
  A gnoll bouda (D:5)
  4 hounds
  27 orc priests
  2 iguanas
  5 hell rats (Lair:4)
  13 orc wizards
  4 ogre zombies (D:12)
  3 mummies
  Robin (D:4)
  24 gnolls
  6 adders
  3 shadow imps
  A white imp (D:6)
  An ufetubus (D:6)
  7 adder zombies (Ossuary)
  A worm (D:3)
  A dart slug (D:1)
  88 orcs
  A ball python (D:4)
  A bat skeleton (D:8)
  5 bat zombies (D:8)
  5 endoplasms
  A gnoll zombie (Ossuary)
  19 goblins
  9 hobgoblins
  A quokka (D:4)
  5 bats
  5 frilled lizards (D:3)
  2 goblin skeletons (D:12)
  6 goblin zombies
  12 hobgoblin zombies
  16 kobolds
  6 kobold zombies
  2 orc skeletons (D:12)
  18 orc zombies
  7 rats
773 creatures vanquished.

Vanquished Creatures (others)
  A deep elf knight (Elf:1)
  A wyvern (Lair:4)
  A wolf (IceCv)
  A hell rat (Lair:4)
  2 demonic plants (D:2)
  11 fungi
  5 plants (Lair:4)
22 creatures vanquished.

Grand Total: 795 creatures vanquished

Notes
Turn   | Place    | Note
-------+----------+-------------------------------------------
     0 | D:1      | MrZuerg the Human Fighter began the quest for the Orb.
     0 | D:1      | Reached XP level 1. HP: 18/18 MP: 1/1
   248 | D:1      | Found Ifeff's Antique Armour Shoppe.
   295 | D:1      | Found Hutitzir's Antique Armour Emporium.
   327 | D:1      | Reached XP level 2. HP: 24/24 MP: 2/2
   334 | D:1      | Found Ivut's General Store.
   365 | D:1      | Found Piyr's Antique Armour Boutique.
   650 | D:1      | Found Femu's General Store.
   763 | D:2      | Found a faded altar of an unknown god.
  1373 | D:3      | Noticed Grinder
  1381 | D:3      | Killed Grinder
  1382 | D:3      | Reached skill level 3 in Polearms
  1382 | D:3      | Reached XP level 3. HP: 29/29 MP: 3/3
  1382 | D:3      | Reached XP level 4. HP: 35/35 MP: 4/4
  1382 | D:3      | Reached XP level 5. HP: 41/41 MP: 5/5
  1382 | D:3      | Reached XP level 6. HP: 47/47 MP: 6/6
  1657 | D:3      | Learned a level 3 spell: Swiftness
  1856 | D:3      | Found a snail-covered altar of Cheibriados.
  2514 | D:4      | Reached skill level 4 in Polearms
  2514 | D:4      | Reached XP level 7. HP: 36/50 MP: 7/7
  2658 | D:4      | Found a sparkling altar of Nemelex Xobeh.
  2720 | D:4      | Found an ornate altar of the Wu Jian Council.
  2741 | D:4      | Found a staircase to the Ecumenical Temple.
  2773 | D:4      | Reached skill level 1 in Spellcasting
  2773 | D:4      | Reached skill level 1 in Air Magic
  2824 | D:4      | Noticed Edmund
  2835 | D:4      | Reached skill level 5 in Polearms
  2841 | D:4      | Killed Edmund
  2842 | D:4      | Reached XP level 8. HP: 43/60 MP: 8/10
  3002 | D:4      | Found a white marble altar of Elyvilon.
  3007 | D:4      | Found a sacrificial altar of Ru.
  3080 | D:4      | Noticed Robin
  3102 | D:4      | Killed Robin
  3190 | Temple   | Entered the Ecumenical Temple
  3431 | D:4      | Found a shimmering altar of Xom.
  3562 | D:5      | Entered Level 5 of the Dungeon
  3611 | D:5      | Reached skill level 6 in Polearms
  3624 | D:5      | Reached skill level 5 in Armour
  3663 | D:5      | Found an iron altar of Okawaru.
  3670 | D:5      | Became a worshipper of Warmaster Okawaru
  3685 | D:5      | Identified a scroll of acquirement
  3685 | D:5      | Acquired 1013 gold pieces
  3966 | D:1      | Bought a jewelled plate armour for 448 gold pieces
  3966 | D:1      | Identified the +0 plate armour of Wu Jian's Generosity
                  | {rElec Dex-3 Slay+2} (You bought it in a shop on level 1 of
                  | the Dungeon)
  4032 | D:1      | Bought a bloodstained ring mail for 162 gold pieces
  4032 | D:1      | Identified the +0 ring mail of Bedazzled Awe {+Blink +Inv
                  | Str+3} (You bought it in a shop on level 1 of the Dungeon)
  4053 | D:1      | Bought a scroll of identify for 28 gold pieces
  5275 | D:6      | Reached XP level 9. HP: 65/65 MP: 12/12
  5294 | D:6      | Found a basalt altar of Yredelemnul.
  5305 | D:6      | Reached skill level 7 in Polearms
  5305 | D:6      | Reached skill level 1 in Throwing
  5340 | D:6      | Reached skill level 1 in Dodging
  5454 | D:6      | Reached * piety under Okawaru
  5588 | D:6      | Reached skill level 1 in Stealth
  5971 | D:6      | Reached skill level 8 in Polearms
  6181 | D:7      | Reached ** piety under Okawaru
  6277 | D:7      | Noticed Pikel
  6278 | D:7      | Noticed Maggie
  6297 | D:7      | Killed Pikel
  6298 | D:7      | Reached skill level 9 in Polearms
  6298 | D:7      | Reached XP level 10. HP: 61/73 MP: 10/13
  6302 | D:7      | Killed Maggie
  6302 | D:7      | Reached *** piety under Okawaru
  6368 | D:7      | Reached skill level 5 in Fighting
  6387 | D:7      | Found a stormy altar of Qazlal.
  6778 | D:8      | Found a sand-covered staircase.
  6798 | Ossuary  | Entered an ossuary
  7106 | Ossuary  | Reached skill level 10 in Polearms
  7154 | D:8      | Received a gift from Okawaru
  7419 | D:8      | Reached **** piety under Okawaru
  7604 | D:8      | Found an ancient bone altar of Kikubaaqudgha.
  7745 | D:8      | Found a runed translucent gate.
  7745 | D:8      | Found a runed translucent gate.
  7745 | D:8      | Found a runed translucent gate.
  7745 | D:8      | Noticed a cyan ugly thing
  7745 | D:8      | Noticed a brown ugly thing
  7745 | D:8      | Noticed a red ugly thing
  7746 | D:8      | Noticed a purple ugly thing
  7769 | D:8      | Reached skill level 11 in Polearms
  7975 | D:9      | Reached XP level 11. HP: 63/80 MP: 14/14
  7994 | D:9      | Received a gift from Okawaru
  8125 | D:9      | Reached skill level 5 in Throwing
  8164 | D:9      | Found a flagged portal.
  8170 | Bailey   | Entered a bailey
  8279 | Bailey   | Reached skill level 12 in Polearms
  8306 | Bailey   | Noticed an orc knight
  8312 | Bailey   | Killed an orc knight
  8312 | Bailey   | Reached ***** piety under Okawaru
  8557 | Bailey   | Found a large runed translucent door.
  8557 | Bailey   | Found a large runed translucent door.
  8558 | Bailey   | Noticed a deep elf zephyrmancer
  8587 | Bailey   | Killed a deep elf zephyrmancer
  8610 | Bailey   | Got the Octavo of the Lithosphere
  8995 | D:10     | Entered Level 10 of the Dungeon
  9023 | D:10     | Noticed Snorg
  9034 | D:10     | Killed Snorg
  9287 | D:10     | Identified the +10 scale mail "Imygrae" {Harm rPois Will-}
  9410 | D:10     | Identified the ring "Damnable Contraption" {Contam rElec
                  | rCorr Dex+6}
  9674 | D:10     | Noticed a two-headed ogre
  9678 | D:10     | Killed a two-headed ogre
  9678 | D:10     | Received a gift from Okawaru
  9686 | D:10     | Found a staircase to the Lair.
  9686 | D:10     | Noticed a death yak
  9687 | D:10     | Noticed a death yak
  9687 | D:10     | Noticed a death yak
  9692 | D:10     | Killed a death yak
  9693 | D:10     | Reached skill level 13 in Polearms
  9707 | D:10     | Killed a death yak
  9713 | D:10     | Killed a death yak
  9714 | D:10     | Reached XP level 12. HP: 68/89 MP: 15/15
  9718 | D:10     | Identified the +1 scale mail "Hairefol" {rPois rF+ Str-3
                  | Int+3} (Okawaru gifted it to you on level 10 of the
                  | Dungeon)
  9718 | D:10     | Received a gift from Okawaru
 10182 | D:10     | Found a burning altar of Makhleb.
 10283 | Lair:1   | Entered Level 1 of the Lair of Beasts
 10331 | Lair:1   | Reached ****** piety under Okawaru
 10347 | Lair:1   | Noticed a five-headed hydra
 10357 | Lair:1   | Killed an eight-headed hydra
 10358 | Lair:1   | Reached skill level 14 in Polearms
 10610 | Lair:1   | Found a frozen archway.
 10620 | IceCv    | Entered an ice cave
 10950 | IceCv    | Noticed a death yak
 10957 | IceCv    | Killed a death yak
 10958 | IceCv    | Reached XP level 13. HP: 83/98 MP: 16/16
 11003 | IceCv    | Reached skill level 15 in Polearms
 11098 | IceCv    | Received a gift from Okawaru
 11374 | IceCv    | Noticed a frost giant
 11389 | IceCv    | Received a gift from Okawaru
 11397 | IceCv    | Killed a frost giant
 11416 | IceCv    | Got the Encyclopedia of Frostbite
 11982 | D:8      | Reached skill level 16 in Polearms
 11984 | D:8      | Found a runed translucent gate.
 11984 | D:8      | Found a runed translucent gate.
 11996 | D:8      | Found a runed translucent gate.
 11996 | D:8      | Noticed MacCMillion's ghost (journeyman VSFi)
 12452 | Lair:1   | Identified the +2 halberd of Kauf {speed, rN+ Dex+7}
                  | (Okawaru gifted it to you on level 1 of the Lair of Beasts)
 12452 | Lair:1   | Received a gift from Okawaru
 13336 | Lair:2   | Found a hole to the Spider Nest.
 14411 | Lair:4   | Reached XP level 14. HP: 106/106 MP: 17/17
 14425 | Lair:4   | Found a staircase to the Slime Pits.
 14425 | Lair:4   | Found a viscous altar of Jiyva.
 14493 | Lair:4   | Identified the +5 spear "Hydrabane" {pain, rElec Int+7
                  | Dex-5} (Okawaru gifted it to you on level 4 of the Lair of
                  | Beasts)
 14493 | Lair:4   | Received a gift from Okawaru
 14857 | Lair:4   | Reached skill level 17 in Polearms
 14895 | Lair:4   | Reached skill level 10 in Armour
 15466 | Lair:4   | Noticed Josephine
 15477 | Lair:4   | Killed Josephine
 15478 | Lair:4   | Reached skill level 1 in Invocations
 16087 | Lair:5   | Entered Level 5 of the Lair of Beasts
 16347 | Lair:5   | Identified the +5 ice dragon scales of Okawaru's Whim {rF-
                  | rC++ Int-4 Dex+7} (Okawaru gifted it to you on level 5 of
                  | the Lair of Beasts)
 16347 | Lair:5   | Received a gift from Okawaru
 16803 | Lair:5   | Reached XP level 15. HP: 77/115 MP: 18/18
 17445 | Spider:1 | Entered Level 1 of the Spider Nest
 17454 | Spider:1 | Reached skill level 10 in Fighting
 18979 | D:11     | Learned a level 4 spell: Dispel Undead
 19217 | D:12     | Received a gift from Okawaru
 19308 | D:12     | Reached skill level 1 in Necromancy
 19388 | D:12     | Found a staircase to the Orcish Mines.
 19789 | D:12     | Identified the +7 halberd of the Shouting Gods {protect,
                  | rF+ rCorr Dex+4} (Okawaru gifted it to you on level 12 of
                  | the Dungeon)
 19789 | D:12     | Received a gift from Okawaru
 20007 | Orc:1    | Entered Level 1 of the Orcish Mines
 20194 | Orc:1    | Found Okoeg's Book Boutique.
 20590 | Orc:2    | Entered Level 2 of the Orcish Mines
 20637 | Orc:2    | Found a staircase to the Elven Halls.
 20660 | Orc:2    | Reached skill level 18 in Polearms
 20678 | Orc:2    | Found a dark tunnel.
 20684 | Volcano  | Entered a volcano
 20950 | Volcano  | Found a radiant altar of Vehumet.
 21887 | Orc:2    | HP: 2/175 [orc warrior/+0 scimitar (7)]
 23245 | Orc:2    | Received a gift from Okawaru
 23471 | Orc:2    | Reached XP level 16. HP: 124/124 MP: 19/19
 24196 | Orc:2    | Found Faaxin's Assorted Antiques.
 24196 | Orc:2    | Found Utocs's General Store.
 24197 | Orc:2    | Found Etaczics's Assorted Antiques.
 24197 | Orc:2    | Found Zummyfo's Magic Scroll Shoppe.
 24207 | Orc:2    | Bought a scroll of magic mapping for 75 gold pieces
 24212 | Orc:2    | Bought the +2 hat of the Bear Spirit {Spirit, *Rage Will++}
                  | for 1151 gold pieces
 24212 | Orc:2    | Found the +2 hat of the Bear Spirit {Spirit, *Rage Will++}
 24282 | Elf:1    | Entered Level 1 of the Elven Halls
 24290 | Elf:1    | Received a gift from Okawaru
 24708 | Elf:1    | Identified the +1 cloak of Lust {Str-3 Dex+7 SInv} (Okawaru
                  | gifted it to you on level 1 of the Elven Halls)
 24708 | Elf:1    | Received a gift from Okawaru
 26357 | Elf:1    | Found an ancient bone altar of Kikubaaqudgha.
 27039 | Elf:1    | HP: 5/105 [ghostly deep elf death mage/bolt of negative
                  | energy (18)]
 27041 | Elf:1    | HP: 2/105 [burnt (2)]
 27041 | Elf:1    | Slain by a fire elemental

Illustrated notes

Levels and vault maps discovered:
D:1:      dpeg_arrival_short_road, layout_basic, serial_shops,
          nicolae_shop_statue_plus, shop_fountains, nicolae_shop_hallway_stairs,
          nicolae_square_shop, nicolae_shop_hallway_plus,
          chequers_serial_rivers_micro_c
D:2:      layout_basic, shapermc_ecumenical_altar_gd, serial_bayou_lake_a
D:3:      minmay_chambers_of_threes, layout_basic, slow_altar_2,
          kennysheep_generic_room_8, uniq_grinder
D:4:      layout_gridville, mainiacjoe_overflow_paths,
          nicolae_overflow_hidden_temple, minmay_temple_entry_trees,
          guppyfry_shop_venom, uniq_edmund, uniq_robin, uniq_ijyb
D:5:      layout_basic, okawaru_gym_becter, serial_rivers,
          chequers_serial_rivers_micro_a, chequers_serial_rivers_micro_e,
          chequers_serial_rivers_micro_a, chequers_serial_rivers_micro_a,
          cheibrodos_gnoll_hut
D:6:      layout_gridville, mainiacjoe_overflow_concentric_impassable
D:7:      layout_basic, mainiacjoe_overflow_small_starburst, uniq_pikel,
          uniq_maggie
D:8:      layout_cave_pools, kennysheep_vampire_church,
          ploomutoo_gammafunk_ghost_potion_laboratory,
          nicolae_ossuary_entry_giza, minmay_orc_keep
D:9:      layout_roguey, enter_bailey_3, hangedman_glass_teeth
D:10:     layout_loops_corners, bloody_makhleb, dpeg_lair_monsters, uniq_snorg
D:11:     layout_long_grid
D:12:     layout_cross, zombieorc2_lemuel
Temple:   cyrus_temple_forest
Lair:1:   layout_regular_city, portal_ice_cave_entry_pillars_2
Lair:2:   layout_cave_pods, shoals_dummy_entry,
          nicolae_spider_entry_orb_guardian
Lair:3:   layout_regular_city, infiniplex_staircase_pool
Lair:4:   layout_roguey [special_room_mythical_zoo],
          nicolae_slime_entry_slimehenge, uniq_josephine
Lair:5:   minmay_lair_end_enchanted_forest, layout_regular_city, ldierk_geyser
Spider:1: spiders_nest_a
Orc:1:    layout_diamond_mine, serial_shops, shop
Orc:2:    st_orc_pillars, layout_caves, nicolae_volcano_entry_s_turn,
          basic_altar
Elf:1:    eino_elf_arrival_shootout, layout_onion_city, basic_altar,
          kennysheep_underground_church

Skill      XL: |  1  2  3  4  5  6  7  8  9 10 11 12 13 14 15 16 |
---------------+-------------------------------------------------+-----
Polearms       | 3 4 5 6 9 11 13 14 16 17 18 | 18.9
Armour         | 4 5 6 7 8 9 11 12 13 | 13.7
Spellcasting   | 1 2 |  2.1
Air Magic      | 1 2 |  2.5
Fighting       | 4 5 6 7 8 9 10 11 | 11.4
Shields        | 4 |  4.0
Throwing       | 3 4 6 7 8 9 |  9.5
Dodging        | 1 2 3 |  3.2
Stealth        | 1 2 3 4 |  4.6
Invocations    | 3 4 |  4.8
Necromancy     | 2 |  2.2
Long Blades    | |  2.1

Action                   |  1- 3 |  4- 6 |  7- 9 | 10-12 | 13-15 | 16-18 || total
-------------------------+-------+-------+-------+-------+-------+-------++-------
Melee: Long sword        |    11 |       |       |       |       |       ||    11
       Spear             |    37 |   155 |       |       |       |       ||   192
       Halberd           |       |       |   130 |   401 |  1064 |   308 ||  1903
Throw: Javelin           |     1 |     2 |    23 |    17 |    23 |     2 ||    68
       Dart              |       |       |       |       |    11 |       ||    11
       Throwing net      |       |       |       |       |     1 |       ||     1
Invok: Heroism           |       |       |     1 |     2 |     9 |     1 ||    13
       Finesse           |       |       |       |       |       |     1 ||     1
  Use: Scroll            |     8 |     3 |     6 |    10 |    12 |     2 ||    41
       Potion            |     1 |     2 |     2 |     3 |    10 |     3 ||    21
 Stab: Distracted        |       |       |     2 |     6 |    14 |       ||    22
       Invisible         |       |       |       |       |     2 |       ||     2
       Petrifying        |       |       |       |       |     2 |       ||     2
Armor: Chain mail        |    10 |    36 |    13 |       |       |       ||    59
       Scale mail        |     2 |       |       |    26 |     3 |       ||    31
       Plate armour      |       |       |    16 |    53 |       |       ||    69
       Ice dragon scales |       |       |       |    30 |    24 |       ||    54
       Crystal plate arm |       |       |       |       |   488 |   194 ||   682
Dodge: Dodged            |     9 |    59 |    53 |   156 |   332 |   111 ||   720
Block: Buckler           |     2 |    12 |       |       |       |       ||    14
